cohdb
Replays
Latest Replays
All Replays
Popular Replays
Top Player Replays
Match Explorer
How It Works
Community
CoH3 Stats
Reddit
Sign in to upload your games and track your stats! →
Sign in with Steam
Match 40945195
Unlisted
Match 40945195
Overview
Messages
Build Orders
End
Construct Infanterie Kompanie
Kettenkrad Recon Vehicle
Selects Mechanized Battlegroup
Grenadier Squad
MG 42 Machine Gun Team
Grenadier Squad
Sniper
Infanterie Officer Quarters
Grenadier Squad
Construct Panzergrenadier Kompanie
Selects Raid Package
Selects StuG Assault Group
Pak 40 Anti-tank Gun Team
251 Medium Carrier
Panzergrenadier Squad
Selects Mobile Repair Stations
Selects UNKNOWN (2160084)
Pak 40 Anti-tank Gun Team
Selects Wespe Self-propelled Artillery
KevinTDW
BALCK_9
StriderRx
Hunter
0
0
Comments
sign in to comment!
No comments posted yet!